 Dungeon Crawl Stone Soup version 0.27-a0-1193-g8631133539 (webtiles) character file.

Game seed: 8083136952597217067

190 tilp the Caller (level 5, 0/41 HPs)
             Began as a Barachi Summoner on May 26, 2021.
             Slain by a sky beast (6 damage)
             ... on level 4 of the Dungeon.
             The game lasted 00:09:00 (4899 turns).

tilp the Caller (Barachi Summoner)                  Turns: 4899, Time: 00:09:00

Health: 0/41       AC:  6    Str: 11    XL:     5   Next: 69%
Magic:  8/11       EV: 10    Int: 15    God:
Gold:   71         SH:  0    Dex: 12    Spells: 6/12 levels left

rFire    . . .     SeeInvis .   b - +2 dagger (freeze)
rCold    . . .     Faith    .   (no shield)
rNeg     . . .     Spirit   .   d - +0 ring mail
rPois    .         Reflect  .   m - +0 helmet
rElec    .         Harm     .   (no cloak)
rCorr    .         Rampage  .   (no gloves)
Will     .....                  (no boots)
Stlth    +.........             (no amulet)
HPRegen  0.13/turn              (no ring)
MPRegen  0.12/turn              (no ring)

@: slow
A: amphibious, slowness 1, strong legs 1, +LOS
a: Hop


You were on level 4 of the Dungeon.
You visited 1 branch of the dungeon, and saw 4 of its levels.

You collected 71 gold pieces.

Inventory:

Hand Weapons
 a - a +0 spear
 b - a +2 dagger of freezing (weapon)
 k - a +0 halberd of freezing
Armour
 c - a +1 robe
 d - a +0 ring mail (worn)
 m - a +0 helmet (worn)
Scrolls
 g - a scroll of summoning {unknown}
 j - a scroll of teleportation {unknown}
Potions
 f - a potion of flight
 h - a potion of haste {unknown}
 i - 2 potions of curing
 l - a potion of might {unknown}


   Skills:
 + Level 3.3 Fighting
 - Level 2.1 Dodging
 - Level 1.7 Stealth
 - Level 4.0 Spellcasting
 - Level 6.0 Summonings


You had 6 spell levels left.
You knew the following spells:

 Your Spells              Type           Power      Damage    Failure   Level
a - Summon Small Mammal   Summ           84%        N/A       3%          1
b - Call Imp              Summ           21%        N/A       5%          2
c - Call Canine Familiar  Summ           21%        N/A       11%         3

Your spell library contained the following spells:

 Spells                   Type           Power      Damage    Failure   Level
 Summon Guardian Golem    Hex/Summ       12%        N/A       36%         3
 Sandblast                Erth           6%         2d5       41%         1
 Passwall                 Tmut/Erth      2%         N/A       54%         2
 Summon Ice Beast         Ice/Summ       12%        N/A       77%         4
 Summon Lightning Spire   Summ/Air       12%        N/A       77%         4
 Confusing Touch          Hex            3%         N/A       78%         3
 Gell's Gravitas          Tloc           1%         N/A       78%         3
 Stone Arrow              Conj/Erth      6%         3d7       78%         3
 Petrify                  Tmut/Erth      3%         N/A       99%         4
 Lee's Rapid Deconstruct  Erth           1%         3d5*      100%        5
 Metabolic Englaciation   Hex/Ice        1%         N/A       100%        5
 Yara's Violent Unravell  Hex/Tmut       1%         3d3       100%        5


Dungeon Overview and Level Annotations

Branches:
Dungeon (4/15)
 Temple: D:4-7

Altars:
Dithmenos
Fedhas
Zin

Annotations:
D:3 exclusion: jackal, Ijyb
D:4 dig vault, Sigmund


Innate Abilities, Weirdness & Mutations

You are amphibious.
You cover ground slowly.
You can hop short distances.
You have an extended range of vision and can be seen from far away.


Message History

Your crimson imp blinks! x2
The sky beast hits you. The sky beast shocks you.
Your quokka bites the sky beast.
You closely miss the sky beast.
The sky beast is lightly wounded.
Your crimson imp misses the sky beast.
Your quokka closely misses the sky beast.
The sky beast hits you. The sky beast shocks you.
You hit the sky beast. You freeze the sky beast.
The sky beast is moderately wounded.
Your quokka closely misses the sky beast.
Your crimson imp closely misses the sky beast.
The sky beast closely misses you.
Unknown command.
You closely miss the sky beast.
The sky beast is moderately wounded.
Your quokka bites the sky beast.
Your crimson imp misses the sky beast.
The sky beast hits you but does no damage.
You hit the sky beast. You freeze the sky beast.
The sky beast is heavily wounded.
Your quokka bites the sky beast.
Your crimson imp blinks!
Your crimson imp hits the sky beast but does no damage.
The sky beast hits you but does no damage.
You hit the sky beast. You freeze the sky beast.
The sky beast is almost dead.
Your quokka closely misses the sky beast.
Your crimson imp closely misses the sky beast.
The sky beast flickers out of sight!
Deactivating autopickup; reactivate with Ctrl-A.
Something hits you. Something shocks you.
* * * LOW HITPOINT WARNING * * *
You closely miss something. Something hits you.
* * * LOW HITPOINT WARNING * * *
Something shocks you.
* * * LOW HITPOINT WARNING * * *
You closely miss something. Something hits you.
* * * LOW HITPOINT WARNING * * *
Something shocks you.
You die...

................#.###
................#(..#
...........####.#.#.#
...........#....#5#.#
.....>.....#...#))#.#
...........#...#..#.#
........)..#...#..#.#
###'#####†##...#5{#.#
.....#....##...#@r#..
.....#....'....#.h########
.....#....#....#.[........
.....#....#....#.........#
.....#....#....'..........
################.........#
###########


You could see a friendly hound (summoned), 2 friendly crimson imps and a
friendly quokka (summoned).

Vanquished Creatures
  A hound (D:3)
  A hound skeleton (D:4)
  A worm (D:2)
  A dart slug (D:3)
  An orc (D:3)
  3 bats
  4 endoplasms
  2 giant cockroaches
  3 goblins
  7 hobgoblins
  2 ball pythons
  5 frilled lizards
  2 kobolds
  3 rats
36 creatures vanquished.

Vanquished Creatures (collateral kills)
  A bullfrog (D:4)
  Jessica (D:2)
  Robin (D:4)
  4 gnolls (D:2)
  An adder (D:3)
  A worm (D:2)
  2 dart slugs
  2 orcs (D:3)
  4 bats (D:1)
  4 endoplasms (D:1)
  2 giant cockroaches (D:1)
  10 goblins
  2 hobgoblins (D:2)
  5 kobolds
  3 quokkas
  2 ball pythons (D:1)
  2 frilled lizards (D:1)
  A rat (D:1)
48 creatures vanquished.

Vanquished Creatures (others)
  A withered plant (D:1)
1 creature vanquished.

Grand Total: 85 creatures vanquished

Notes
Turn   | Place    | Note
-------+----------+-------------------------------------------
     0 | D:1      | tilp the Barachi Summoner began the quest for the Orb.
     0 | D:1      | Reached XP level 1. HP: 13/13 MP: 3/3
   190 | D:1      | Found a faded altar of an unknown god.
   202 | D:1      | Reached skill level 1 in Fighting
   403 | D:1      | Reached XP level 2. HP: 1/22 MP: 0/5
   697 | D:1      | Learned a level 2 spell: Call Imp
   919 | D:1      | Reached skill level 5 in Summonings
  1465 | D:1      | Reached XP level 3. HP: 13/27 MP: 1/6
  1636 | D:1      | Learned a level 3 spell: Call Canine Familiar
  2244 | D:2      | Noticed Jessica
  2259 | D:2      | Killed Jessica
  2472 | D:2      | Reached XP level 4. HP: 33/33 MP: 0/8
  2801 | D:2      | Found a shadowy altar of Dithmenos.
  3268 | D:3      | Noticed Ijyb
  3486 | D:3      | Found a blossoming altar of Fedhas.
  4179 | D:4      | Noticed Sigmund
  4184 | D:4      | Noticed a sky beast
  4202 | D:3      | Reached skill level 6 in Summonings
  4202 | D:3      | Reached XP level 5. HP: 27/38 MP: 1/10
  4482 | D:4      | Found a glowing silver altar of Zin.
  4614 | D:4      | Noticed Robin
  4804 | D:4      | Killed Robin
  4899 | D:4      | Slain by a sky beast

Illustrated notes

Levels and vault maps discovered:
D:1:      amcnicky_arrival_wind_blow, layout_basic,
          ebering_ecumenical_altar_petrified
D:2:      layout_rooms, basic_altar, uniq_jessica
D:3:      layout_basic, fedhas_altar_1, uniq_ijyb
D:4:      layout_gridville, zin_treasury, serial_shops, nicolae_shop_crystal,
          minivault_27, uniq_robin, uniq_sigmund

Skill      XL: |  1  2  3  4  5 |
---------------+----------------+-----
Fighting       | 2 3 |  3.3
Summonings     | 5 6 |  6.0
Spellcasting   | 3 4 |  4.0
Dodging        | |  2.1
Stealth        | |  1.7

Action                   |  1- 3 |  4- 6 || total
-------------------------+-------+-------++-------
Melee: Dagger            |    11 |     9 ||    20
       Spear             |    57 |   113 ||   170
Throw: Dart              |       |     2 ||     2
 Cast: Summon Small Mamm |    22 |     2 ||    24
       Call Imp          |    37 |    23 ||    60
       Call Canine Famil |     1 |     5 ||     6
 Abil: Hop               |     2 |     1 ||     3
  Use: Scroll            |     1 |     9 ||    10
 Stab: Sleeping          |     2 |       ||     2
       Distracted        |     1 |       ||     1
Armor: Robe              |    37 |     6 ||    43
       Ring mail         |       |    20 ||    20
Dodge: Dodged            |    77 |    66 ||   143

Table legend: (Time is in decaauts)
 A = Elapsed time spent in this place.
 B = Non-inter-level travel time spent in this place.
 C = Inter-level travel time spent in this place.
 D = Time resting spent in this place.
 E = Time spent auto-exploring this place.
 F = Levels seen in this place.
 G = Mean time per level.
                   A        B        C        D        E       F      G
               +--------+--------+--------+--------+--------+-----+--------+
         Total |   5352 |   5050 |    302 |   1530 |   2672 |   4 | 1338.0 |
       Dungeon |   5352 |   5050 |    302 |   1530 |   2672 |   4 | 1338.0 |
               +--------+--------+--------+--------+--------+-----+--------+

Top non-repeatable levels by time:
     D:1: 2324 daAuts
     D:3: 1387 daAuts
     D:2: 991 daAuts
     D:4: 649 daAuts
